 Dungeon Crawl Stone Soup version 0.28-a0-724-g66f9036eb4 (webtiles) character file.

Game seed: 3078826069420475523

58 KoroneIsBestGirl the Skirmisher (level 3, -1/31 (33) HPs)
             Began as a Draconian Fighter on Oct 27, 2021.
             Was a Follower of Sif Muna.
             Succumbed to an adder's poison
             ... on level 3 of the Dungeon.
             The game lasted 00:01:34 (1947 turns).

KoroneIsBestGirl the Skirmisher (Draconian Fighter) Turns: 1947, Time: 00:01:35

HP:   -1/31 (33)    AC:  5    Str: 19    XL:     3   Next: 76%
MP:   0/3           EV: 12    Int:  8    God:    Sif Muna [*.....]
Gold: 111           SH:  4    Dex: 10    Spells: 2/2 levels left

rFire   . . .      SeeInvis .   a - +0 long sword
rCold   . . .      Faith    .   b - +0 buckler
rNeg    . . .      Spirit   +   (armour unavailable)
rPois   .          Reflect  .   (helmet restricted)
rElec   .          Harm     .   (no cloak)
rCorr   .          Rampage  .   (no gloves)
Will    .....                   (no boots)
Stlth   +.........              f - amulet of guardian spirit
HPRegen 0.10/turn               (no ring)
MPRegen 0.08/turn               (no ring)

@: lethally poisoned (-1 -> -5), drained
A: AC +5, unfitting armour, cold-blooded
a: Renounce Religion, Channel Magic


You were on level 3 of the Dungeon.
You worshipped Sif Muna.
Sif Muna was aware of your devotion.
You visited 1 branch of the dungeon, and saw 3 of its levels.

You collected 111 gold pieces.

Inventory:

Hand Weapons
 a - a +0 long sword (weapon)
Armour
 b - a +0 buckler (worn)
Jewellery
 f - an amulet of guardian spirit (around neck)
Scrolls
 d - 3 scrolls of identify {unknown}
 g - 2 scrolls of enchant armour {unknown}
 i - a scroll of holy word {unknown}
 j - a scroll of blinking {unknown}
Potions
 c - a potion of might
 e - a potion of berserk rage {unknown}
 h - a potion of heal wounds {unknown}


   Skills:
 + Level 3.9 Fighting
 + Level 2.9 Long Blades
 + Level 3.1 Dodging
 + Level 0.2 Stealth
 + Level 3.2 Shields


You had 2 spell levels left.
You didn't know any spells.
Your spell library was empty.

Dungeon Overview and Level Annotations

Branches:
Dungeon (3/15)

Altars:
Sif Muna

Shops:
D:2 [


Innate Abilities, Weirdness & Mutations

Your plain brown scales are hard. (AC +5)
You cannot fit into any form of body armour.
You are cold-blooded and may be slowed by cold attacks.


Message History

You are too injured to fight recklessly!
You are too injured to fight recklessly!
You are too injured to fight recklessly!
You are too injured to fight recklessly!
You are too injured to fight recklessly!
You are too injured to fight recklessly!
You are too injured to fight recklessly!
You are too injured to fight recklessly!
You are too injured to fight recklessly!
You are too injured to fight recklessly!
You are too injured to fight recklessly!
You are too injured to fight recklessly!
You are too injured to fight recklessly!
You miss the adder.
The adder is lightly wounded.
You feel sick. You block the adder's attack.
You hit the adder.
Your tail-slap misses the adder.
The adder is severely wounded.
You feel sick. The adder bites you.
* * * LOW HITPOINT WARNING * * *
The adder bites you but does no damage.
You hit the adder.
Your tail-slap misses the adder.
The adder is almost dead.
You feel sick. You block the adder's attack. The adder barely misses you.
You closely miss the adder.
The adder is almost dead.
You feel sick. The adder bites you.
* * * LOW HITPOINT WARNING * * *
You barely miss the adder.
The adder is almost dead.
You feel sick.
You are no longer poisoned.
The adder bites you.
* * * LOW HITPOINT WARNING * * *
You are lethally poisoned!
The adder poisons you! The adder closely misses you.
You slash the adder!
You kill the adder!
Sif Muna accepts your kill.
You die...

######.
.......
....... #
....... .#
......### #.##
...... .....
#..## ##....
#.@.##.......
#.#....##....
#.##.........
#.#..###.....
..... #.#.##
.... #.....
#...# ## .(
...... #..##
..
......##..##.#
#.....#......#


There were no monsters in sight!

Vanquished Creatures
  2 adders
  4 dart slugs
  5 endoplasms
  3 goblins
  6 hobgoblins
  2 quokkas
  2 ball pythons (D:2)
  3 bats
  4 frilled lizards
  4 kobolds
  7 rats
42 creatures vanquished.

Notes
Turn   | Place    | Note
-------+----------+-------------------------------------------
     0 | D:1      | KoroneIsBestGirl the Draconian Fighter began the quest for
                  | the Orb.
     0 | D:1      | Reached XP level 1. HP: 19/19 MP: 1/1
   128 | D:1      | Found a shimmering blue altar of Sif Muna.
   137 | D:1      | Became a worshipper of Sif Muna the Loreminder
   335 | D:1      | Reached XP level 2. HP: 13/26 MP: 2/2
   694 | D:1      | Found a faded altar of an unknown god.
  1422 | D:2      | Reached XP level 3. HP: 33/33 MP: 3/3
  1425 | D:2      | Reached * piety under Sif Muna
  1467 | D:2      | Found Rapar's Antique Armour Shoppe.
  1946 | D:3      | HP: 1/31 [adder (2)]
  1947 | D:3      | Succumbed to an adder's poison

Illustrated notes

Levels and vault maps discovered:
D:1:      dpeg_arrival_rooms_b, layout_loops_ring, basic_ecumenical_altar,
          grunt_decor_arrowhead, kennysheep_flooded_box
D:2:      layout_rooms, serial_shops, nicolae_shop_statue_plus
D:3:      layout_rooms

Skill      XL: |  1  2 |
---------------+-------+-----
Dodging        | 3 |  3.1
Fighting       | |  3.9
Long Blades    | |  2.9
Stealth        | |  0.2
Shields        | |  3.2

Action                   || total
-------------------------++-------
Melee: Long sword        ||   117
       Tailslap          ||     8
 Stab: Distracted        ||     1
Armor: Skin              ||    39
Dodge: Dodged            ||    65
Block: Buckler           ||    31

Table legend: (Time is in decaauts)
 A = Elapsed time spent in this place.
 B = Non-inter-level travel time spent in this place.
 C = Inter-level travel time spent in this place.
 D = Time resting spent in this place.
 E = Time spent auto-exploring this place.
 F = Levels seen in this place.
 G = Mean time per level.
                   A        B        C        D        E       F      G
               +--------+--------+--------+--------+--------+-----+--------+
         Total |   1985 |   1884 |    101 |      0 |   1570 |   3 |  661.7 |
       Dungeon |   1985 |   1884 |    101 |      0 |   1570 |   3 |  661.7 |
               +--------+--------+--------+--------+--------+-----+--------+

Top non-repeatable levels by time:
     D:1: 1287 daAuts
     D:2: 611 daAuts
     D:3: 87 daAuts
